 Dungeon Sprint DCSS version bcrawl-1.40 (webtiles) character file.

Game seed: 15782530013697768142

1860319 LLlMATKO the Brawler (level 11, -15/117 HPs)
             Began as a Troll Monk on Oct 21, 2023.
             Was the Champion of Trog.
             Demolished by an orc knight
             ... wielding a +0 long sword
              (26 damage)
             ... in the Dungeon (Sprint IX: "|||||||||||||||||||||||||||||").
             The game lasted 00:05:04 (1373 turns).

LLlMATKO the Brawler (Troll Monk)                   Turns: 1373, Time: 00:05:05

Health: -15/117    AC: 11    Str: 24    XL:     11   Next: 58%
Magic:  0/11       EV: 15    Int: 10    God:    Trog [******]
Gold:   1262       SH:  0    Dex: 12    Spells: 10/10 levels left

rFire    . . .     GDR:     28%   - Claws (48.0)
rCold    . . .     SeeInvis .   (no shield)
rNeg     . . .     Gourm    +   (armour unavailable)
rPois    .         Faith    .   a - +0 hat
rElec    .         Spirit   +   (no cloak)
rCorr    .         Reflect  .   (gloves unavailable)
MR       .....     NoTele   +   (boots unavailable)
Stlth    ++........             b - amulet of guardian spirit
HPRegen  2.09/turn              n - +2 ring of protection
MPRegen  0.12/turn              o - +3 ring of intelligence

@: berserk cooldown, regenerating, slowed, very slow
A: large, almost no armour, claws 3, fast metabolism 3, gourmand, regeneration
1, AC +9
a: Berserk, Trog's Hand, Brothers in Arms, Renounce Religion


You were in the Dungeon.
You worshipped Trog.
Trog was exalted by your worship.
You were very full.

You visited 1 branch You collected 1262 gold pieces.

Inventory:

Hand Weapons
 m - the +4 quarterstaff of Mohaser {crush, rPois}
   (You found it in the Dungeon)

   It will always inflict at least some extra damage.
   This minimum extra damage increases with your current reserve of magical
   power.
   It protects you from poison.
Missiles
 v - 95 javelins (quivered)
Armour
 a - a +0 hat (worn)
Jewellery
 b - an amulet of guardian spirit (around neck)
 n - a +2 ring of protection (left claw)
 o - a +3 ring of intelligence (right claw)
Wands
 l - a wand of iceblast (10)
Scrolls
 c - 5 scrolls of remove curse
 i - 3 scrolls of identify
 j - 2 scrolls of blinking
 s - a scroll of fog
 t - 2 scrolls of enchant weapon
Potions
 d - 5 potions of curing
 f - 7 potions of heal wounds
 g - a potion of haste
 h - 4 potions of magic
 k - a potion of invisibility
 p - 2 potions of agility
 q - 3 potions of berserk rage
 u - a potion of ambrosia {unknown}
Miscellaneous
 r - a phial of floods
Comestibles
 e - 13 rations {!d}
 w - 17 chunks of flesh


   Skills:
 + Level 9.9 Fighting
 + Level 1.6 Throwing
 + Level 11.6 Dodging
 - Level 4.3 Stealth
 + Level 20.7 Unarmed Combat
   Level 2.0 Invocations


You had 10 spell levels left.
You didn't know any spells.
Your spell library was empty.

Dungeon Overview and Level Annotations

Branches:
Dungeon (1/1)

Altars:
Cheibriados
Dithmenos
Elyvilon
Fedhas
Gozag
Hepliaklqana
Kikubaaqudgha
Lugonu
Makhleb
Nemelex Xobeh
Okawaru
Qazlal
Ru
Sif Muna
Trog
Uskayaw
Vehumet
Wu Jian
Xom
Yredelemnul
Zin
The Shining One
Beogh
Jiyva

Shops:
D :=(


Innate Abilities, Weirdness & Mutations

You cannot wear most types of armour.
Your thick skin is tough. (AC +9)
You are too large for most types of armour.
You have claws for hands.
Your metabolism is lightning-fast.
You like to eat raw meat.
Your natural rate of healing is unusually fast.


Message History

* * * LOW HITPOINT WARNING * * *
Items here: $ ( )) [ † Unknown command.
You barely miss the orc high priest.
You feel the effects of Trog's Hand fading.
You mangle the orc high priest!!
The orc high priest is moderately wounded.
The orc high priest mumbles some strange prayers.
The orc high priest hits you with a +0 battleaxe.
* * * LOW HITPOINT WARNING * * *
You eviscerate the orc high priest!!!
The orc high priest is almost dead.
The orc high priest hits you but does no damage.
You mangle the orc high priest!!
You kill the orc high priest!
Trog accepts your kill.
The smoke demon disappears in a puff of smoke! x2
Unknown command.
The orc knight hits you with a +0 long sword!!
You die...

▓▓▓▓▓▓▓▓▓▓▓▓▓▓▓▓▓▓▓▓▓▓▓
∩.o.oo@))))....))))))))
▓▓▓▓▓▓▓▓▓▓▓▓▓▓▓▓▓▓▓▓▓▓▓▓▓▓▓▓▓▓▓▓▓
.....................))..........
▓▓▓▓▓▓▓▓▓▓▓▓▓▓▓▓▓▓▓▓▓▓▓▓▓▓▓▓▓▓▓▓▓
[[[[..':[.....÷÷÷)÷'.......÷÷))..
▓▓▓▓▓▓▓▓▓▓▓▓▓▓▓▓▓▓▓▓▓▓▓▓▓▓▓▓▓▓▓▓▓
.................................
▓▓▓▓▓▓▓▓▓▓▓▓▓▓▓▓▓▓▓▓▓▓▓▓▓▓▓▓▓▓▓▓▓
†.†.....÷'..[[[)|?.'_____________


You could see 2 orc knights.

Vanquished Creatures
  Urug (D)
  Erolcha (D)
  5 orc high priests (D)
  4 orc knights (D)
  An ugly thing (D)
  2 cane toads (D)
  A komodo dragon (D)
  6 polar bears (D)
  2 hippogriffs (D)
  A wyvern (D)
  2 yaks (D)
  2 wraiths (D)
  An acid dragon (D)
  5 porcupines (D)
  3 crocodiles (D)
  2 water moccasins (D)
  8 orc warriors (D)
  2 black bears (D)
  2 bullfrogs (D)
  2 orc priests (D)
  2 hounds (D)
  2 orc wizards (D)
  An iguana (D)
  3 adders (D)
  A shadow imp (D)
  10 orcs (D)
  A giant cockroach (D)
  A ball python skeleton (D)
  2 frilled lizards (D)
  A jackal zombie (D)
  A kobold (D)
  A quokka skeleton (D)
  A quokka zombie (D)
  A rat (D)
81 creatures vanquished.

Notes
Turn   | Place    | Note
-------+----------+-------------------------------------------
     0 | D        | LLlMATKO the Troll Monk began the quest for the Orb.
     0 | D        | Reached XP level 1. HP: 22/22 MP: 1/1
    38 | D        | Noticed a hound
    44 | D        | Reached XP level 2. HP: 26/31 MP: 2/2
    50 | D        | Reached skill level 4 in Unarmed Combat
    50 | D        | Reached XP level 3. HP: 29/39 MP: 3/3
    51 | D        | Reached skill level 5 in Unarmed Combat
   100 | D        | Found a roughly hewn altar of Beogh.
   100 | D        | Found a snail-covered altar of Cheibriados.
   100 | D        | Found a shadowy altar of Dithmenos.
   100 | D        | Found a white marble altar of Elyvilon.
   100 | D        | Found a blossoming altar of Fedhas.
   100 | D        | Found an opulent altar of Gozag.
   101 | D        | Found a hazy altar of Hepliaklqana.
   102 | D        | Found a viscous altar of Jiyva.
   103 | D        | Found an ancient bone altar of Kikubaaqudgha.
   104 | D        | Found a corrupted altar of Lugonu.
   105 | D        | Found a burning altar of Makhleb.
   106 | D        | Found a sparkling altar of Nemelex Xobeh.
   107 | D        | Found an iron altar of Okawaru.
   108 | D        | Found a stormy altar of Qazlal.
   109 | D        | Found a sacrificial altar of Ru.
   110 | D        | Found a shimmering blue altar of Sif Muna.
   111 | D        | Found a bloodstained altar of Trog.
   112 | D        | Found a hide-covered altar of Uskayaw.
   113 | D        | Found a radiant altar of Vehumet.
   114 | D        | Found an ornate altar of the Wu Jian Council.
   115 | D        | Found a shimmering altar of Xom.
   116 | D        | Found a basalt altar of Yredelemnul.
   117 | D        | Found a glowing silver altar of Zin.
   118 | D        | Found a glowing golden altar of the Shining One.
   129 | D        | Became a worshipper of Trog the Wrathful
   129 | D        | Reached * piety under Trog
   129 | D        | Reached ** piety under Trog
   146 | D        | Got the +4 quarterstaff of Mohaser {crush, rPois}
   168 | D        | Noticed a wraith
   168 | D        | Noticed a hippogriff
   174 | D        | Killed a hippogriff
   175 | D        | Reached skill level 5 in Fighting
   175 | D        | Reached skill level 7 in Unarmed Combat
   175 | D        | Gained mutation: Your natural rate of healing is unusually
                  | fast. [Troll growth]
   175 | D        | Reached XP level 4. HP: 49/50 MP: 2/4
   175 | D        | Reached XP level 5. HP: 57/58 MP: 2/5
   177 | D        | Killed a wraith
   178 | D        | Reached skill level 8 in Unarmed Combat
   178 | D        | Reached XP level 6. HP: 68/68 MP: 2/6
   181 | D        | Reached skill level 9 in Unarmed Combat
   182 | D        | Reached *** piety under Trog
   247 | D        | Noticed a wraith
   247 | D        | Noticed a green ugly thing
   247 | D        | Noticed a wyvern
   247 | D        | Noticed a yak
   251 | D        | Killed a yak
   252 | D        | Reached XP level 7. HP: 76/76 MP: 5/7
   255 | D        | Killed a wyvern
   255 | D        | Reached **** piety under Trog
   256 | D        | Reached skill level 10 in Unarmed Combat
   259 | D        | Killed a green ugly thing
   260 | D        | Reached skill level 11 in Unarmed Combat
   260 | D        | Reached XP level 8. HP: 88/88 MP: 4/8
   428 | D        | Noticed a hippogriff
   428 | D        | Noticed a cane toad
   431 | D        | Reached ***** piety under Trog
   432 | D        | Reached skill level 12 in Unarmed Combat
   433 | D        | Killed a cane toad
   433 | D        | Received a gift from Trog
   440 | D        | Killed a hippogriff
   441 | D        | Reached skill level 13 in Unarmed Combat
   444 | D        | Reached XP level 9. HP: 87/97 MP: 6/9
   499 | D        | Noticed a komodo dragon
   504 | D        | Received a gift from Trog
   505 | D        | Reached skill level 14 in Unarmed Combat
   507 | D        | Reached skill level 10 in Dodging
   513 | D        | Killed a komodo dragon
   513 | D        | Noticed a cane toad
   521 | D        | Received a gift from Trog
   529 | D        | Killed a cane toad
   530 | D        | Reached skill level 15 in Unarmed Combat
   587 | D        | Noticed a polar bear
   587 | D        | Noticed a polar bear
   587 | D        | Noticed a polar bear
   587 | D        | Noticed a polar bear
   587 | D        | Noticed a polar bear
   588 | D        | Noticed a polar bear
   591 | D        | Killed a polar bear
   596 | D        | Killed a polar bear
   597 | D        | Reached XP level 10. HP: 107/107 MP: 10/10
   605 | D        | Received a gift from Trog
   606 | D        | Reached skill level 16 in Unarmed Combat
   703 | D        | Noticed Urug
   915 | D        | Killed Urug
   916 | D        | Reached skill level 17 in Unarmed Combat
   961 | D        | Noticed Erolcha
   969 | D        | Killed Erolcha
   969 | D        | Received a gift from Trog
  1057 | D        | Received a gift from Trog
  1057 | D        | Reached ****** piety under Trog
  1074 | D        | Reached skill level 18 in Unarmed Combat
  1191 | D        | Noticed an orc knight
  1198 | D        | Killed an orc knight
  1198 | D        | Received a gift from Trog
  1201 | D        | Noticed an orc knight
  1211 | D        | Noticed an orc high priest
  1214 | D        | Reached XP level 11. HP: 99/117 MP: 9/11
  1217 | D        | Killed an orc knight
  1222 | D        | Noticed a sixfirhy
  1224 | D        | Received a gift from Trog
  1232 | D        | Killed an orc high priest
  1233 | D        | Reached skill level 1 in Throwing
  1233 | D        | Reached skill level 19 in Unarmed Combat
  1333 | D        | Found Pousk's Antique Weapon Boutique.
  1333 | D        | Noticed an orc knight
  1333 | D        | Noticed an orc knight
  1333 | D        | Noticed an orc high priest
  1333 | D        | Noticed an orc high priest
  1333 | D        | Noticed an orc high priest
  1335 | D        | Noticed an orc high priest
  1338 | D        | Noticed a sixfirhy
  1341 | D        | Killed an orc high priest
  1348 | D        | Killed an orc high priest
  1349 | D        | Found Kas Beon's Jewellery Shop.
  1354 | D        | Killed an orc high priest
  1354 | D        | Received a gift from Trog
  1355 | D        | Reached skill level 20 in Unarmed Combat
  1359 | D        | Killed an orc knight
  1360 | D        | Noticed an orc knight
  1365 | D        | Noticed an orc knight
  1367 | D        | Killed an orc knight
  1368 | D        | Found Uxydus's Book Boutique.
  1370 | D        | HP: 4/117 [orc high priest/+0 battleaxe (5)]
  1372 | D        | Killed an orc high priest
  1373 | D        | Demolished by an orc knight

Skill      XL: |  1  2  3  4  5  6  7  8  9 10 11 |
---------------+----------------------------------+-----
Fighting       | 3 5 6 7 8 9 |  9.9
Dodging        | 3 4 6 7 8 9 10 11 | 11.6
Unarmed Combat | 4 7 8 9 11 13 15 18 20 | 20.7
Stealth        | 2 3 4 |  4.3
Throwing       | 1 |  1.6
Invocations    | |  2.0

Action                   |  1- 3 |  4- 6 |  7- 9 | 10-12 || total
-------------------------+-------+-------+-------+-------++-------
Melee: Unarmed           |    36 |    14 |    68 |   112 ||   230
       Punch             |     1 |     1 |     4 |     8 ||    14
Throw: Javelin           |       |       |       |     1 ||     1
Invok: Berserk           |     1 |     1 |     3 |     3 ||     8
       Trog's Hand       |       |       |       |     5 ||     5
  Eat: Chunk             |       |     2 |    13 |    10 ||    25
Armor: Skin              |    13 |     2 |    10 |    15 ||    40
Dodge: Dodged            |    18 |     2 |    19 |    29 ||    68
